 Dungeon Crawl Stone Soup version 0.29.0-4-gdea44cf6ec (webtiles) character file.

Game seed: 18075901516028052152

156 qw the Chopper (level 5, 0/30 HPs)
             Began as a Tengu Warper on Aug 28, 2022.
             Slain by a gnoll
             ... wielding a +0 whip
              (2 damage)
             ... on level 3 of the Dungeon.
             The game lasted 00:00:18 (3295 turns).

qw the Chopper (Tengu Warper)                       Turns: 3295, Time: 00:00:19

Health: 0/30       AC:  5    Str: 13    XL:     5   Next: 37%
Magic:  9/9        EV: 12    Int: 13    God:
Gold:   85         SH:  4    Dex: 14    Spells: 8/8 levels left

rFire   . . .      SeeInvis .   Y - +0 hand axe
rCold   . . .      Faith    .   d - +0 buckler
rNeg    . . .      Spirit   .   a - +0 ring mail
rPois   .          Reflect  .   (helmet restricted)
rElec   .          Harm     .   (no cloak)
rCorr   .          Rampage  .   (no gloves)
Will    +....                   (boots unavailable)
Stlth   +.........              (no amulet)
HPRegen 0.10/turn               e - ring of willpower
MPRegen 0.11/turn               (no ring)

@: about to teleport, flying quickly and evasively, quick
A: beak, talons 3, nimble flight
a: no special abilities


You were on level 3 of the Dungeon.
You visited 1 branch of the dungeon, and saw 3 of its levels.

You collected 85 gold pieces.


Innate Abilities, Weirdness & Mutations

You have a beak for a mouth.
You have claws for feet.
Your magical nature lets you fly swiftly and evasively.


   Skills:
 - Level 2.0 Fighting
 + Level 5.0 Axes
 - Level 1.0 Throwing
 - Level 1.1 Armour
 - Level 2.1 Dodging
 - Level 2.6 Shields
 - Level 2.0 Spellcasting
 - Level 2.4 Translocations


You had 8 spell levels left.
You didn't know any spells.
Your spell library contained the following spells:

 Spells                   Type           Power      Damage    Failure   Level
 Blink                    Tloc           14%        N/A       38%         2
 Gell's Gravitas          Tloc           7%         N/A       63%         3
 Lesser Beckoning         Tloc           7%         N/A       63%         3
 Teleport Other           Tloc           7%         N/A       63%         3
 Manifold Assault         Tloc           7%         N/A       100%        5

Inventory:

Hand Weapons
 l - a +0 morningstar
 Y - a +0 hand axe (weapon)
Missiles
 c - 3 boomerangs (quivered)
Armour
 a - a +0 ring mail (worn)
 d - a +0 buckler (worn)
 r - the +1 robe of Toith {Int+3}
   (You found it on level 3 of the Dungeon)

   Int:       It affects your intelligence (+3).
Jewellery
 e - a ring of willpower (left hand)
Scrolls
 b - a scroll of vulnerability {unknown}
 f - 3 scrolls of teleportation
 p - a scroll of identify {unknown}
 s - a scroll of butterflies {unknown}
Potions
 g - a potion of might {unknown}
 h - 2 potions of lignification {unknown}
 i - a potion of ambrosia {unknown}
 j - 2 potions of curing
 k - a potion of brilliance {unknown}
 m - a potion of invisibility {unknown}
 n - a potion of magic {unknown}
 o - a potion of cancellation {unknown}
 q - a potion of heal wounds {unknown}

Dungeon Overview and Level Annotations

Branches:
Dungeon (3/15)

Altars:
Gozag

Annotations:
D:2 1 runed translucent door, Crazy Yiuf


Message History

You hit the gnoll. Your kick misses the gnoll. You peck the gnoll.
The gnoll is heavily wounded.
The gnoll closely misses you. x2
You hit the gnoll.
The gnoll is severely wounded.
You block the gnoll's attack. The gnoll barely misses you.
You hit the gnoll. You peck the gnoll.
You kill the gnoll!
The gnoll closely misses you. The gnoll hits you with a +0 spear.
You see here a +0 flail.
You closely miss the gnoll. Your kick misses the gnoll.
Your peck misses the gnoll. The gnoll closely misses you.
You hit the gnoll. You peck the gnoll.
The gnoll is moderately wounded.
The gnoll closely misses you. The gnoll barely misses you.
You hit the gnoll but do no damage. You peck the gnoll.
The gnoll is moderately wounded.
The gnoll hits you with a +0 spear.
You hit the gnoll. Your peck misses the gnoll.
The gnoll is moderately wounded.
The gnoll hits you with a +0 spear.
You barely miss the gnoll.
The gnoll is moderately wounded.
The gnoll hits you with a +0 spear.
3292 ||| READING 4 scrolls of teleportation.
As you read the scroll of teleportation, it crumbles to dust.
You feel strangely unstable. The gnoll hits you with a +0 spear.
You hit the gnoll. You claw the gnoll.
You kill the gnoll!
Your Axes skill increases to level 5!
You barely miss the gnoll. You claw the gnoll.
The gnoll is moderately wounded.
The gnoll barely misses you.
You slash the gnoll!
The gnoll is almost dead.
The gnoll hits you with a +0 whip.
You die...

#......... ...###...#
.).## .#.. .#..##.# #
.<.....# ##....##
#....## # #.....##
#.#####
##...#..######.g@..##
.....##.....######..##
............### ##..#
.....#........######.#
.....###....#......#.#
..#.##
###.#######...####
#.#(# #.. ##.....#
#...### ##.# #..^..#
%.....# .# #.....#


You could see a gnoll.

Vanquished Creatures
  A bullfrog (D:3)
  2 gnolls (D:3)
  2 dart slugs
  An orc (D:3)
  7 ball pythons
  4 bats
  5 endoplasms
  2 giant cockroaches
  4 goblins (D:1)
  6 hobgoblins
  7 jackals
  5 kobolds
  A quokka (D:1)
  8 frilled lizards
  10 rats
65 creatures vanquished.

Notes
Turn   | Place    | Note
-------+----------+-------------------------------------------
     0 | D:1      | qw the Tengu Warper began the quest for the Orb.
     0 | D:1      | Reached XP level 1. HP: 12/12 MP: 4/4
     0 | D:1      | 0 ||| qw: Version: 0.1-a-89-g26bdef1
     0 | D:1      | 0 ||| qw: Game counter: 1877
     0 | D:1      | 0 ||| qw: Always use a shield: true
     0 | D:1      | 0 ||| qw: God list: Okawaru
     0 | D:1      | 0 ||| qw: Allow faded altars: false
     0 | D:1      | 0 ||| qw: Do Orc after D:15 true
     0 | D:1      | 0 ||| qw: Do second Lair branch before Depths: true
     0 | D:1      | 0 ||| qw: Lair rune preference: random
     0 | D:1      | 0 ||| qw: Plans: Normal
     0 | D:1      | 0 ||| PLANNING D:1-11
    21 | D:1      | 21 ||| Stepping ~*~*~tactically~*~*~ (stealth).
    70 | D:1      | 70 ||| Stepping ~*~*~tactically~*~*~ (stealth).
    85 | D:1      | Reached skill level 3 in Axes
    85 | D:1      | Reached XP level 2. HP: 9/17 MP: 6/6
   405 | D:1      | 405 ||| Stepping ~*~*~tactically~*~*~ (stealth).
   443 | D:1      | 443 ||| Stepping ~*~*~tactically~*~*~ (stealth).
   444 | D:1      | 444 ||| Stepping ~*~*~tactically~*~*~ (stealth).
   558 | D:1      | Reached XP level 3. HP: 21/21 MP: 7/7
   641 | D:1      | 641 ||| Stepping ~*~*~tactically~*~*~ (stealth).
   643 | D:1      | 643 ||| Stepping ~*~*~tactically~*~*~ (stealth).
   815 | D:1      | Reached skill level 4 in Axes
  1297 | D:1      | 1297 ||| UPGRADING to ring of willpower.
  1298 | D:1      | 1298 ||| READING scroll labelled SUASHIWAIG.
  1299 | D:1      | 1299 ||| READING scroll labelled WIUTAXEKLE.
  1303 | D:1      | 1303 ||| DROPPING scroll of blinking.
  1498 | D:2      | 1498 ||| Stepping ~*~*~tactically~*~*~ (stealth).
  1673 | D:2      | Found an opulent altar of Gozag.
  1682 | D:2      | 1682 ||| Stepping ~*~*~tactically~*~*~ (hiding).
  1822 | D:2      | 1822 ||| Stepping ~*~*~tactically~*~*~ (stealth).
  2088 | D:2      | Reached XP level 4. HP: 23/26 MP: 8/8
  2286 | D:2      | Found a runed translucent door.
  2287 | D:2      | Noticed Crazy Yiuf
  2536 | D:2      | 2536 ||| UPGRADING to +0 ring mail.
  2546 | D:2      | 2546 ||| DROPPING +0 leather armour.
  2547 | D:2      | 2547 ||| UPGRADING to +0 buckler.
  2552 | D:2      | 2552 ||| READING scroll labelled DUUSTEE ATTYU.
  2553 | D:2      | 2553 ||| DRINKING 3 glowing dark potions.
  2631 | D:3      | 2631 ||| STAIRDANCE
  2822 | D:3      | 2822 ||| Stepping ~*~*~tactically~*~*~ (stealth).
  2839 | D:3      | Noticed a bullfrog
  2840 | D:3      | 2840 ||| Stepping ~*~*~tactically~*~*~ (stealth).
  2850 | D:3      | HP: 5/26 [bullfrog (5)]
  2851 | D:3      | 2851 ||| READING scroll of teleportation.
  2852 | D:3      | Killed a bullfrog
  2853 | D:3      | Gained mutation: Your magical nature lets you fly swiftly
                  | and evasively. [Tengu growth]
  2853 | D:3      | Reached XP level 5. HP: 6/30 MP: 9/9
  3115 | D:3      | 3115 ||| DROPPING +0 whip.
  3214 | D:3      | Identified the +1 robe of Toith {Int+3}
  3278 | D:3      | 3278 ||| Stepping ~*~*~tactically~*~*~ (hiding).
  3291 | D:3      | HP: 5/30 [gnoll/+0 spear (4)]
  3292 | D:3      | 3292 ||| READING 4 scrolls of teleportation.
  3292 | D:3      | HP: 2/30 [gnoll/+0 spear (3)]
  3294 | D:3      | Reached skill level 5 in Axes
  3295 | D:3      | Slain by a gnoll

Levels and vault maps discovered:
D:1:      dpeg_arrival_rhombus, layout_basic
D:2:      layout_loops_cross, basic_altar, kennysheep_nondescript,
          minmay_cut_off, uniq_crazy_yiuf_cottage
D:3:      layout_rooms, lightli_temple_of_fire, marbit_many_paths,
          hangedman_abyss_or_decor_stabs

Skill      XL: |  1  2  3  4  5 |
---------------+----------------+-----
Axes           | 3 4 5 |  5.0
Shields        | 2 |  2.6
Fighting       | |  2.0
Throwing       | |  1.0
Armour         | |  1.1
Dodging        | |  2.1
Spellcasting   | |  2.0
Translocations | |  2.4

Action                   |  1- 3 |  4- 6 || total
-------------------------+-------+-------++-------
Melee: Hand axe          |   118 |    40 ||   158
       Kick              |    12 |     8 ||    20
       Peck              |    14 |    10 ||    24
Throw: Boomerang         |     7 |     9 ||    16
  Use: Scroll            |     2 |     3 ||     5
       Potion            |       |     1 ||     1
Armor: Leather armour    |    24 |       ||    24
       Ring mail         |       |    15 ||    15
Dodge: Dodged            |    73 |    22 ||    95
Block: Buckler           |       |     3 ||     3

Table legend:
 A = Non-vault XP
 B = Vault XP
 C = Vault XP percentage of total XP
 D = Non-vault monster count
 E = Vault monster count
 F = Vault count percentage of total count
                 A         B        C        D         E       F
            +---------+---------+-------+---------+---------+-------
      Total |     220 |       3 |   1.3 |      63 |       2 |   3.1
            +---------+---------+-------+---------+---------+-------
        D:1 |      60 |       0 |   0.0 |      38 |       0 |   0.0
        D:2 |      24 |       3 |  11.1 |      13 |       2 |  13.3
        D:3 |     136 |       0 |   0.0 |      12 |       0 |   0.0
            +---------+---------+-------+---------+---------+-------
